 Dungeon Crawl Stone Soup version 0.22-a0-362-g535178c (webtiles) character file.

382 Gildeon the Magician (level 6, 0/32 HPs)
             Began as a Deep Elf Fire Elementalist on Apr 20, 2018.
             Killed from afar by an orc wizard (7 damage)
             ... with a magic dart
             ... on level 4 of the Dungeon.
             The game lasted 00:24:56 (3396 turns).

Gildeon the Magician (Deep Elf Fire Elementalist)   Turns: 3396, Time: 00:24:57

Health: 0/32       AC:  4    Str:  5    XL:     6   Next: 47%
Magic:  14/24      EV: 13    Int: 22    God:
Gold:   81         SH:  0    Dex: 15    Spells: 2/15 levels left

rFire    . . .     SeeInvis .   n - +1 long sword (elec)
rCold    . . .     Gourm    .   (no shield)
rNeg     . . .     Faith    .   c - +2 robe {MR+}
rPois    .         Spirit   .   (no helmet)
rElec    .         Reflect  .   (no cloak)
rCorr    .         Harm     .   (no gloves)
MR       +....                  (no boots)
Stlth    ++........             (no amulet)
HPRegen  0.10/turn              e - ring of magical power
MPRegen  0.19/turn              (no ring)

@: very slightly contaminated, invisible
A: no striking features
a: no special abilities


You were on level 4 of the Dungeon.
You were not hungry.

You visited 1 branch of the dungeon, and saw 4 of its levels.
You also visited: Sewer.

You collected 81 gold pieces.

Inventory:

Hand Weapons
 f - a +3 whip
 n - a +1 long sword of electrocution (weapon)
Missiles
 d - 259 stones (quivered)
Armour
 c - a +2 robe of magic resistance (worn)
Jewellery
 e - a ring of magical power (left hand)
Wands
 h - a wand of iceblast (20)
Potions
 b - a potion of resistance
 g - a potion of ambrosia {unknown}
 i - 3 potions of flight
 k - a potion of curing {unknown}
 m - a potion of haste
Comestibles
 l - 2 rations
 o - 16 chunks of flesh


   Skills:
 - Level 2.4 Dodging
 - Level 2.4 Stealth
 - Level 5.2 Spellcasting
 - Level 3.8 Conjurations
 - Level 3.2 Hexes
 - Level 5.0 Fire Magic
 + Level 1.1 Evocations


You had 2 spell levels left.
You knew the following spells:

 Your Spells              Type           Power        Failure   Level  Hunger
a - Flame Tongue          Conj/Fire      ####.        1%          1    None
b - Throw Flame           Conj/Fire      ####..       2%          2    None
c - Conjure Flame         Conj/Fire      ####....     4%          3    ##.....
d - Inner Flame           Hex/Fire       ###.....     5%          3    ##.....
e - Sticky Flame          Conj/Fire      ####....     16%         4    ####...


Dungeon Overview and Level Annotations

Branches:
Dungeon (4/15)
 Temple: D:4-7

Altars:
Wu Jian

Annotations:
D:3 2 transporters


Message History

Confirm with . or Enter, or press ? or * to list all spells.
Aiming: Flame Tongue (safe; 1% risk of failure)
Press: ? - help, Shift-Dir - straight line, f/p - orc
Aim: an orc, wielding a short sword The flame tongue hits something.
You hear some strange, mumbled words.
A magic dart appears from out of thin air!
The magic dart hits you! Something barely misses you.
You fade into invisibility!
Something barely misses you. Something hits you.
You are very lightly contaminated with residual magic.
The orc wizard gestures at something while chanting.
The magic dart hits something.
Something hits you.
You hear a shout!
Something hits you.
* * * LOW HITPOINT WARNING * * *
There is an open door here.
The orc wizard points at something and mumbles some strange words.
The magic dart hits you!
You die...

#...........#######..#
#...........#........#
#......###'##....[)).#
+......#..........)..#
#......#...##....##..#
#......#...##....##..# #
#......#....#.....#..##..
#......##+###.....+......
#...........#.@..##......
.......#....##......
.......#............
.......#.o......###+#
#....[#..[.##..#
#...[.##'### ...#
+....o#.o..# ..#
#....o)o...# ..#
#....o###### ##


You could see an orc wizard and 2 orcs.

Vanquished Creatures
  A big kobold (Sewer)
  2 orc priests
  Terence (D:2)
  4 orc wizards
  3 adders
  A river rat (Sewer)
  An ooze (D:2)
  A worm (D:2)
  2 dart slugs
  2 leopard geckos
  11 orcs
  5 giant cockroaches
  5 goblins
  5 hobgoblins
  5 jackals
  13 kobolds
  3 quokkas
  2 ball pythons
  7 bats
  2 frilled lizards (D:1)
  7 rats
83 creatures vanquished.

Notes
Turn   | Place    | Note
-------+----------+-------------------------------------------
     0 | D:1      | Gildeon the Deep Elf Fire Elementalist began the quest for the Orb.
     0 | D:1      | Reached XP level 1. HP: 10/10 MP: 6/6
   443 | D:1      | Reached XP level 2. HP: 15/15 MP: 3/9
   727 | D:1      | Learned a level 2 spell: Throw Flame
  1382 | D:2      | Reached skill level 5 in Spellcasting
  1382 | D:2      | Reached XP level 3. HP: 19/19 MP: 6/11
  1388 | D:2      | Learned a level 3 spell: Conjure Flame
  1392 | D:2      | Learned a level 3 spell: Inner Flame
  1675 | D:2      | Noticed Terence
  1699 | D:2      | Killed Terence
  1699 | D:2      | Reached XP level 4. HP: 18/24 MP: 2/13
  1826 | D:2      | Learned a level 4 spell: Sticky Flame
  2268 | D:3      | Reached skill level 5 in Fire Magic
  2288 | D:3      | Reached XP level 5. HP: 6/28 MP: 12/14
  2296 | D:3      | Found a transporter.
  2494 | D:3      | Found a transporter.
  2494 | D:3      | Noticed an ogre
  2495 | D:3      | Noticed an ogre
  2498 | D:3      | Found an ornate altar of the Wu Jian Council.
  2749 | D:3      | Found a glowing drain.
  2763 | Sewer    | Entered a sewer
  2931 | Sewer    | Found a white marble altar of Elyvilon.
  3298 | D:4      | Reached XP level 6. HP: 28/32 MP: 15/15
  3308 | D:4      | Reached skill level 1 in Hexes
  3311 | D:4      | HP: 1/32 [something/puff of flame (9)]
  3386 | D:4      | Reached skill level 1 in Evocations
  3396 | D:4      | Killed from afar by an orc wizard

Vault maps used:
D:1:      matt_arrival_grand_opening, minmay_misc_feat_more_columns
D:2:      minmay_tiny_reverse_x, uniq_terence
D:3:      gammafunk_temple_overflow_arena, cheibrodos_sewer_entry_drain
D:4:      nicolae_overflow_hidden_temple, nicolae_ossuary_entry_giza,
          grunt_gozag_statues
Sewer:    sewer_kobolds

Skill      XL: |  1  2  3  4  5  6 |
---------------+-------------------+-----
Spellcasting   | 4 5 |  5.2
Fire Magic     | 4 5 |  5.0
Conjurations   | 2 3 |  3.8
Hexes          | 3 |  3.2
Evocations     | 1 |  1.1
Dodging        | |  2.4
Stealth        | |  2.4

Action                   |  1- 3 |  4- 6 || total
-------------------------+-------+-------++-------
Melee: Short sword       |     5 |     4 ||     9
       Long sword        |       |    22 ||    22
 Cast: Flame Tongue      |    63 |   102 ||   165
       Throw Flame       |     2 |       ||     2
  Use: Scroll            |     9 |     4 ||    13
       Potion            |       |     5 ||     5
  Eat: Chunk             |     1 |       ||     1
       Ration            |     1 |     1 ||     2
Armor: Robe              |     7 |     7 ||    14
Dodge: Dodged            |    29 |    48 ||    77
       Rpst.: Long sword |       |     5 ||     5

Table legend:
 A = Spawn XP
 B = Non-spawn XP
 C = Spawn XP percentage of total XP
 D = Spawn monster count
 E = Non-spawn monster count
 F = Spawn count percentage of total count
 G = Total turns spent on level
                    A         B        C        D         E        F      G
               +---------+---------+-------+---------+---------+-------+---------
         Total |       0 |     547 |   0.0 |       0 |      83 |   0.0 |  3396
               +---------+---------+-------+---------+---------+-------+---------
           D:1 |       0 |      38 |   0.0 |       0 |      23 |   0.0 |  1336
           D:2 |       0 |      95 |   0.0 |       0 |      16 |   0.0 |   852
           D:3 |       0 |     117 |   0.0 |       0 |      21 |   0.0 |   811
           D:4 |       0 |     179 |   0.0 |       0 |      14 |   0.0 |   167
         Sewer |       0 |     118 |   0.0 |       0 |       9 |   0.0 |   230
               +---------+---------+-------+---------+---------+-------+---------
